3L
VANCOUVER GREY WOLVES @ KINGSTON TOWNSHIP KNIGHTS
08/01/2041
 
TOP OF THE 1ST
Vancouver Grey Wolves batting - Pitching for Kingston Township Knights : RHP Zebulon Vermillion
Pitching: RHP Zebulon Vermillion
Batting: LHB Robbie Brendle 0-0: Called Strike
0-1: Foul Ball, location: 2F
0-2: Foul Ball, location: 2F
0-2: Strikes out swinging
Batting: LHB José Arras 0-0: Ball
1-0: Called Strike
1-1: Ball
2-1: Called Strike
2-2: Ball
3-2: Ground out 4-3 (Groundball, 4, EV 88.8 MPH)
Batting: LHB Yoritomo Sato 0-0: Called Strike
0-1: Foul Ball, location: 2F
0-2: Foul Ball, location: 2F
0-2: Strikes out swinging
Top of the 1st over - 0 runs, 0 hits, 0 errors, 0 left on base; Vancouver 0 - Kingston Township 0
BOTTOM OF THE 1ST
Kingston Township Knights batting - Pitching for Vancouver Grey Wolves : LHP Gerardo Pagán
Pitching: LHP Gerardo Pagán
Batting: RHB Daniel Maldonado 0-0: Ball
1-0: Called Strike
1-1: Ball
2-1: Called Strike
2-2: Strikes out swinging
Batting: RHB Amor Campos 0-0: Ground out 5-3 (Groundball, 56, EV 105.6 MPH)
Batting: SHB Eustacio Tafalla 0-0: Ball
1-0: Swinging Strike
1-1: Ball
2-1: Foul Ball, location: 2F
2-2: Foul Ball, location: 2F
2-2: Fly out, F7 (Flyball, 7LS, EV 89.4 MPH)
Bottom of the 1st over - 0 runs, 0 hits, 0 errors, 0 left on base; Vancouver 0 - Kingston Township 0
TOP OF THE 2ND
Vancouver Grey Wolves batting - Pitching for Kingston Township Knights : RHP Zebulon Vermillion
Batting: RHB Rafael Maldonado 0-0: Called Strike
0-1: Called Strike
0-2: Foul Ball, location: 2F
0-2: Strikes out swinging
Batting: LHB Henry Buckley 0-0: Foul Ball, location: 2F
0-1: Ball
1-1: Fly out, F9 (Flyball, 89M, EV 88.1 MPH)
Batting: RHB Phil van Oosterom 0-0: Called Strike
0-1: Ground out 6-3 (Groundball, 6, EV 86.9 MPH)
Top of the 2nd over - 0 runs, 0 hits, 0 errors, 0 left on base; Vancouver 0 - Kingston Township 0
BOTTOM OF THE 2ND
Kingston Township Knights batting - Pitching for Vancouver Grey Wolves : LHP Gerardo Pagán
Batting: RHB Daniel McCoy 0-0: Called Strike
0-1: Ball
1-1: Foul Ball, location: 2F
1-2: Ball
2-2: Foul Ball, location: 2F
2-2: Strikes out swinging
Batting: RHB Holden Ford 0-0: Ball
1-0: Swinging Strike
1-1: Ball
2-1: Called Strike
2-2: Strikes out swinging
Batting: LHB Ed Mellor 0-0: Foul Ball, location: 2F
0-1: Ground out 4-3 (Groundball, 34, EV 110.0 MPH)
Bottom of the 2nd over - 0 runs, 0 hits, 0 errors, 0 left on base; Vancouver 0 - Kingston Township 0
TOP OF THE 3RD
Vancouver Grey Wolves batting - Pitching for Kingston Township Knights : RHP Zebulon Vermillion
Batting: RHB Kao-tsu Koo 0-0: Ball
1-0: Swinging Strike
1-1: Ball
2-1: Called Strike
2-2: Strikes out swinging
Batting: LHB Cameron Woolever 0-0: Ball
1-0: Ball
2-0: Called Strike
2-1: Foul Ball, location: 2F
2-2: Ball
3-2: Ground out U3 (Groundball, 34, EV 87.5 MPH)
Batting: RHB David Stone 0-0: Called Strike
0-1: Hit by Pitch
Batting: LHB Robbie Brendle 0-0: Swinging Strike
0-1: Foul Ball, location: 2F
0-2: Ball
1-2: Fly out, F7 (Flyball, 7S, EV 89.4 MPH)
Top of the 3rd over - 0 runs, 0 hits, 0 errors, 1 left on base; Vancouver 0 - Kingston Township 0
BOTTOM OF THE 3RD
Kingston Township Knights batting - Pitching for Vancouver Grey Wolves : LHP Gerardo Pagán
Batting: RHB Jorge Ozezera 0-0: Foul Ball, location: 2F
0-1: Ball
1-1: Ball
2-1: Fly out, F3 (Popup, 3, EV 61.9 MPH)
Batting: RHB Takenao Wakabayashi 0-0: Foul Ball, location: 2F
0-1: Swinging Strike
0-2: Ball
1-2: Strikes out swinging
Batting: RHB Glenn Curtis 0-0: Called Strike
0-1: SINGLE (Groundball, 34D, EV 99.4 MPH)
Batting: RHB Daniel Maldonado 0-0: Ball
1-0: Called Strike
1-1: Ball
2-1: Foul Ball, location: 2F
2-2: Ball
Glenn Curtis is caught stealing 2nd base 2-4
Bottom of the 3rd over - 0 runs, 1 hit, 0 errors, 0 left on base; Vancouver 0 - Kingston Township 0
TOP OF THE 4TH
Vancouver Grey Wolves batting - Pitching for Kingston Township Knights : RHP Zebulon Vermillion
Batting: LHB José Arras 0-0: Called Strike
0-1: Ball
1-1: Ball
2-1: Called Strike
2-2: Ball
3-2: Base on Balls
Batting: LHB Yoritomo Sato 0-0: Foul Ball, location: 2F
0-1: Foul Ball, location: 2F
0-2: Foul Ball, location: 2F
0-2: Ball
1-2: Fly out, F3 (Popup, 23, EV 90.0 MPH)
Batting: RHB Rafael Maldonado 0-0: Ball
1-0: Ball
2-0: Foul Ball, location: 2F
2-1: Fly out, F4 (Popup, 4MS, EV 68.1 MPH)
Batting: LHB Henry Buckley 0-0: Ball
1-0: Foul Ball, location: 2F
1-1: Called Strike
1-2: Foul Ball, location: 2F
1-2: Fly out, F7 (Flyball, 78D, EV 98.8 MPH)
Top of the 4th over - 0 runs, 0 hits, 0 errors, 1 left on base; Vancouver 0 - Kingston Township 0
BOTTOM OF THE 4TH
Kingston Township Knights batting - Pitching for Vancouver Grey Wolves : LHP Gerardo Pagán
Batting: RHB Daniel Maldonado 0-0: Foul Ball, location: 2F
0-1: Ball
1-1: Swinging Strike
1-2: Ball
2-2: Strikes out swinging
Batting: RHB Amor Campos 0-0: Swinging Strike
0-1: Swinging Strike
0-2: Ball
1-2: Foul Ball, location: 2F
1-2: Strikes out swinging, 2-3 out at first.
Batting: SHB Eustacio Tafalla 0-0: Called Strike
0-1: Ball
1-1: Ground out 4-3 (Groundball, 4, EV 88.8 MPH)
Bottom of the 4th over - 0 runs, 0 hits, 0 errors, 0 left on base; Vancouver 0 - Kingston Township 0
TOP OF THE 5TH
Vancouver Grey Wolves batting - Pitching for Kingston Township Knights : RHP Zebulon Vermillion
Batting: RHB Phil van Oosterom 0-0: Called Strike
0-1: Fly out, F8 (Flyball, 78XD, EV 98.8 MPH)
Batting: RHB Kao-tsu Koo 0-0: Called Strike
0-1: Called Strike
0-2: SINGLE (Line Drive, 5D, EV 93.8 MPH)
Batting: LHB Cameron Woolever 0-0: Fielders Choice at 2nd, U6 (Groundball, 4M, EV 85.6 MPH)
Batting: RHB David Stone 0-0: Swinging Strike
0-1: Ball
Cameron Woolever steals 2nd base
1-1: Ball
2-1: Called Strike
2-2: Foul Ball, location: 2F
2-2: SINGLE (Groundball, 6MD, EV 99.4 MPH)
Cameron Woolever to third
Runner from 3rd tries for Home, SAFE, throw by CF to home
Batting: LHB Robbie Brendle 0-0: Swinging Strike
0-1: Foul Ball, location: 2F
0-2: Ball
1-2: Foul Ball, location: 2F
1-2: Strikes out swinging
Top of the 5th over - 1 run, 2 hits, 0 errors, 1 left on base; Vancouver 1 - Kingston Township 0
BOTTOM OF THE 5TH
Kingston Township Knights batting - Pitching for Vancouver Grey Wolves : LHP Gerardo Pagán
Batting: RHB Daniel McCoy 0-0: Called Strike
0-1: Ball
1-1: Foul Ball, location: 2F
1-2: Ball
2-2: Ball
3-2: Fly out, F4 (Flyball, 34D, EV 88.8 MPH)
Batting: RHB Holden Ford 0-0: Ball
1-0: Ball
2-0: Ground out 3-1 (Groundball, 34, EV 88.1 MPH)
Batting: LHB Ed Mellor 0-0: Fly out, F9 (Flyball, 9S, EV 90.6 MPH)
Bottom of the 5th over - 0 runs, 0 hits, 0 errors, 0 left on base; Vancouver 1 - Kingston Township 0
TOP OF THE 6TH
Vancouver Grey Wolves batting - Pitching for Kingston Township Knights : RHP Zebulon Vermillion
Batting: LHB José Arras 0-0: Ball
1-0: Ball
2-0: Called Strike
2-1: Foul Ball, location: 2F
2-2: Ball
3-2: Strikes out looking
Batting: LHB Yoritomo Sato 0-0: Ball
1-0: SINGLE (Groundball, 4MD, EV 106.2 MPH)
Batting: RHB Rafael Maldonado 0-0: Called Strike
0-1: Ball
1-1: Swinging Strike
1-2: Ball
2-2: Ball
3-2: Ground out 5-3 (Groundball, 56S, EV 70.0 MPH)
Yoritomo Sato to second
Batting: LHB Henry Buckley 0-0: Called Strike
0-1: Ball
1-1: Foul Ball, location: 2F
1-2: Strikes out swinging
Top of the 6th over - 0 runs, 1 hit, 0 errors, 1 left on base; Vancouver 1 - Kingston Township 0
BOTTOM OF THE 6TH
Kingston Township Knights batting - Pitching for Vancouver Grey Wolves : LHP Gerardo Pagán
Batting: RHB Jorge Ozezera 0-0: Ball
1-0: Ground out 4-3 (Groundball, 4, EV 93.8 MPH)
Batting: RHB Takenao Wakabayashi 0-0: Swinging Strike
0-1: Swinging Strike
0-2: Foul Ball, location: 2F
0-2: Strikes out looking
Batting: RHB Glenn Curtis 0-0: Ball
1-0: Foul Ball, location: 2F
1-1: Ball
2-1: Fly out, F7 (Flyball, 7LM, EV 91.9 MPH)
Bottom of the 6th over - 0 runs, 0 hits, 0 errors, 0 left on base; Vancouver 1 - Kingston Township 0
TOP OF THE 7TH
Vancouver Grey Wolves batting - Pitching for Kingston Township Knights : RHP Zebulon Vermillion
Batting: RHB Phil van Oosterom 0-0: Called Strike
0-1: Ball
1-1: Called Strike
1-2: Strikes out looking
Batting: RHB Kao-tsu Koo 0-0: Foul Ball, location: 2F
0-1: Ground out 2-3 (Groundball, 2R, EV 75.0 MPH)
Batting: LHB Cameron Woolever 0-0: SINGLE (Groundball, 34D, EV 95.0 MPH)
Batting: RHB David Stone 0-0: Foul Ball, location: 2F
0-1: Foul Ball, location: 2F
0-2: DOUBLE (Line Drive, 7LD, EV 107.5 MPH)
Cameron Woolever to third
Runner from 3rd tries for Home, throw by LF and OUT! 7-6-2
Top of the 7th over - 0 runs, 2 hits, 0 errors, 1 left on base; Vancouver 1 - Kingston Township 0
BOTTOM OF THE 7TH
Kingston Township Knights batting - Pitching for Vancouver Grey Wolves : LHP Gerardo Pagán
Batting: RHB Daniel Maldonado 0-0: Ball
1-0: Foul Ball, location: 2F
1-1: Ball
2-1: Called Strike
2-2: Strikes out swinging
Batting: RHB Amor Campos 0-0: Ground out 5-3 (Groundball, 5L, EV 81.9 MPH)
Batting: SHB Eustacio Tafalla 0-0: Ball
1-0: Ball
2-0: Ball
3-0: Called Strike
3-1: Foul Ball, location: 2F
3-2: Foul Ball, location: 2F
3-2: Foul Ball, location: 2F
3-2: Foul Ball, location: 2F
3-2: Ground out 6-3 (Groundball, 56, EV 102.5 MPH)
Bottom of the 7th over - 0 runs, 0 hits, 0 errors, 0 left on base; Vancouver 1 - Kingston Township 0
TOP OF THE 8TH
Vancouver Grey Wolves batting - Pitching for Kingston Township Knights : RHP Zebulon Vermillion
Batting: LHB Robbie Brendle 0-0: DOUBLE (Line Drive, 9LM, EV 100.6 MPH)
Batting: LHB José Arras 0-0: Intentional Walk
Pitching: LHP Dale Snider
Batting: LHB Yoritomo Sato 0-0: Ball
1-0: Fly out, F8 (Flyball, 89M, EV 88.1 MPH)
Batting: RHB Rafael Maldonado 0-0: Ball
Robbie Brendle steals 3rd base
1-0: Grounds into double play, 6-4-3 (Groundball, 6, EV 88.8 MPH)
Top of the 8th over - 0 runs, 1 hit, 0 errors, 1 left on base; Vancouver 1 - Kingston Township 0
BOTTOM OF THE 8TH
Kingston Township Knights batting - Pitching for Vancouver Grey Wolves : LHP Gerardo Pagán
Pitching: RHP Gojong Joseon
Now at 3B: Alejandro Cantú
Batting: RHB Daniel McCoy 0-0: Called Strike
0-1: Foul Ball, location: 2F
0-2: Ball
1-2: Foul Ball, location: 2F
1-2: SOLO HOME RUN (Flyball, 9LD, EV 107.5 MPH), Distance : 365 ft
Batting: RHB Holden Ford 0-0: Ball
1-0: Called Strike
1-1: Foul Ball, location: 2F
1-2: Ball
2-2: Foul Ball, location: 2F
2-2: Foul Ball, location: 2F
2-2: Fly out, F7 (Line Drive, 7, EV 104.4 MPH)
Batting: LHB Ed Mellor 0-0: Foul Ball, location: 2F
0-1: SINGLE (Line Drive, 7S, EV 111.9 MPH)
Batting: RHB Jorge Ozezera 0-0: Called Strike
0-1: Foul Ball, location: 2F
0-2: Ball
1-2: Ball
2-2: Foul Ball, location: 2F
2-2: Grounds into double play, 6-4-3 (Groundball, 6, EV 98.8 MPH)
Bottom of the 8th over - 1 run, 2 hits, 0 errors, 0 left on base; Vancouver 1 - Kingston Township 1
TOP OF THE 9TH
Vancouver Grey Wolves batting - Pitching for Kingston Township Knights : LHP Dale Snider
Pitching: LHP David Blake
Batting: LHB Henry Buckley 0-0: Called Strike
0-1: Fly out, F8 (Flyball, 8LXD, EV 86.2 MPH)
Batting: RHB Phil van Oosterom 0-0: Swinging Strike
0-1: Ball
1-1: Swinging Strike
1-2: Foul Ball, location: 2F
1-2: Ball
2-2: Strikes out swinging
Batting: RHB Kao-tsu Koo 0-0: Ball
1-0: Called Strike
1-1: Foul Ball, location: 2F
1-2: Ball
2-2: Foul Ball, location: 2F
2-2: Ground out 1-3 (Groundball, P, EV 82.5 MPH)
Top of the 9th over - 0 runs, 0 hits, 0 errors, 0 left on base; Vancouver 1 - Kingston Township 1
BOTTOM OF THE 9TH
Kingston Township Knights batting - Pitching for Vancouver Grey Wolves : RHP Gojong Joseon
Batting: RHB Takenao Wakabayashi 0-0: Foul Ball, location: 2F
0-1: Ball
1-1: Ground out 6-3 (Groundball, 6, EV 101.2 MPH)
Batting: RHB Glenn Curtis 0-0: Ball
1-0: SINGLE (Flyball, 89S, EV 88.1 MPH)
Batting: RHB Daniel Maldonado 0-0: Called Strike
Glenn Curtis is caught stealing 2nd base 2-4
0-1: Foul Ball, location: 2F
0-2: Foul Ball, location: 2F
0-2: Ball
1-2: Ground out U3 (Groundball, 34, EV 98.8 MPH)
Bottom of the 9th over - 0 runs, 1 hit, 0 errors, 0 left on base; Vancouver 1 - Kingston Township 1
TOP OF THE 10TH
Vancouver Grey Wolves batting - Pitching for Kingston Township Knights : LHP David Blake
Pinch Hitting: RHB Hani Azwan 0-0: Ball
1-0: Fly out, F8 (Line Drive, 8RD, EV 94.4 MPH)
Batting: RHB David Stone 0-0: Ground out 4-3 (Groundball, 4, EV 90.0 MPH)
Batting: LHB Robbie Brendle 0-0: Ball
1-0: TRIPLE (Flyball, 89XD, EV 91.2 MPH)
Batting: LHB José Arras 0-0: Called Strike
0-1: Foul Ball, location: 2F
0-2: Foul Ball, location: 2F
0-2: Ball
1-2: Ball
2-2: Foul Ball, location: 2F
2-2: Ball
3-2: Foul Ball, location: 2F
3-2: Ground out 4-3 (Groundball, 4, EV 85.6 MPH)
Top of the 10th over - 0 runs, 1 hit, 0 errors, 1 left on base; Vancouver 1 - Kingston Township 1
BOTTOM OF THE 10TH
Kingston Township Knights batting - Pitching for Vancouver Grey Wolves : RHP Gojong Joseon
Now in RF: Hani Azwan
Batting: RHB Amor Campos 0-0: Ball
1-0: Called Strike
1-1: Ball
2-1: Ball
3-1: Called Strike
3-2: Foul Ball, location: 2F
3-2: SINGLE (Line Drive, 4D, EV 95.6 MPH)
Pitching: LHP Quan Shiu
Batting: SHB Eustacio Tafalla 0-0: Called Strike
0-1: Fielders Choice at 2nd, 1-6 (Groundball, 13, EV 71.9 MPH)
Batting: RHB Daniel McCoy 0-0: Foul Ball, location: 2F
0-1: Ball
1-1: Ball
2-1: Foul Ball, location: 2F
2-2: Fly out, F9 (Flyball, 89S, EV 71.2 MPH)
Batting: RHB Holden Ford 0-0: Called Strike
0-1: Ball
1-1: Called Strike
1-2: Ball
2-2: Ball
3-2: Foul Ball, location: 2F
3-2: Strikes out swinging
Bottom of the 10th over - 0 runs, 1 hit, 0 errors, 1 left on base; Vancouver 1 - Kingston Township 1
TOP OF THE 11TH
Vancouver Grey Wolves batting - Pitching for Kingston Township Knights : LHP David Blake
Pitching: RHP Jacob Messer
Batting: RHB Alejandro Cantú 0-0: Ball
1-0: Ball
2-0: Ball
3-0: Called Strike
3-1: Called Strike
3-2: Fly out, F9 (Flyball, 9LSF, EV 95.6 MPH)
Batting: RHB Rafael Maldonado 0-0: Called Strike
0-1: Called Strike
0-2: Ball
1-2: Strikes out swinging
Batting: LHB Henry Buckley 0-0: Called Strike
0-1: Foul Ball, location: 2F
0-2: Ball
1-2: Foul Ball, location: 2F
1-2: Ball
2-2: Foul Ball, location: 2F
2-2: Strikes out swinging
Top of the 11th over - 0 runs, 0 hits, 0 errors, 0 left on base; Vancouver 1 - Kingston Township 1
BOTTOM OF THE 11TH
Kingston Township Knights batting - Pitching for Vancouver Grey Wolves : LHP Quan Shiu
Batting: LHB Ed Mellor 0-0: Called Strike
0-1: Ball
1-1: Called Strike
1-2: Foul Ball, location: 2F
1-2: Ball
2-2: Strikes out swinging
Batting: RHB Jorge Ozezera 0-0: Called Strike
0-1: Foul Ball, location: 2F
0-2: Ball
1-2: Foul Ball, location: 2F
1-2: Ball
2-2: Ball
3-2: Strikes out swinging
Batting: RHB Takenao Wakabayashi 0-0: Ball
1-0: Ball
2-0: DOUBLE (Flyball, 8RXD, EV 102.5 MPH)
Batting: RHB Glenn Curtis 0-0: Fly out, F8 (Flyball, 8RD, EV 74.4 MPH)
Bottom of the 11th over - 0 runs, 1 hit, 0 errors, 1 left on base; Vancouver 1 - Kingston Township 1
TOP OF THE 12TH
Vancouver Grey Wolves batting - Pitching for Kingston Township Knights : RHP Jacob Messer
Batting: RHB Phil van Oosterom 0-0: Ball
1-0: Called Strike
1-1: Foul Ball, location: 2F
1-2: Ball
2-2: Strikes out swinging
Batting: RHB Kao-tsu Koo 0-0: Ball
1-0: Called Strike
1-1: Ball
2-1: Ball
3-1: Called Strike
3-2: Foul Ball, location: 2F
3-2: Foul Ball, location: 2F
3-2: Ground out 4-3 (Groundball, 4, EV 83.1 MPH)
Batting: RHB Hani Azwan 0-0: Ball
1-0: Ball
2-0: Swinging Strike
2-1: Called Strike
2-2: Foul Ball, location: 2F
2-2: Ground out 6-3 (Groundball, 6, EV 85.0 MPH)
Top of the 12th over - 0 runs, 0 hits, 0 errors, 0 left on base; Vancouver 1 - Kingston Township 1
BOTTOM OF THE 12TH
Kingston Township Knights batting - Pitching for Vancouver Grey Wolves : LHP Quan Shiu
Batting: RHB Daniel Maldonado 0-0: Swinging Strike
0-1: Ground out 4-3 (Groundball, 4, EV 89.4 MPH)
Batting: RHB Amor Campos 0-0: Ball
1-0: Swinging Strike
1-1: Ball
2-1: Ball
3-1: Ground out 5-3 (Groundball, 56S, EV 84.4 MPH)
Batting: SHB Eustacio Tafalla 0-0: Ball
1-0: Ball
2-0: Ball
3-0: Called Strike
3-1: Foul Ball, location: 2F
3-2: Fly out, F6 (Flyball, 6MD, EV 80.0 MPH)
Bottom of the 12th over - 0 runs, 0 hits, 0 errors, 0 left on base; Vancouver 1 - Kingston Township 1
TOP OF THE 13TH
Vancouver Grey Wolves batting - Pitching for Kingston Township Knights : RHP Jacob Messer
Pitching: RHP Kent Horton
Batting: RHB David Stone 0-0: Ball
1-0: Called Strike
1-1: Ground out 1-3 (Groundball, 13S, EV 68.8 MPH)
Batting: LHB Robbie Brendle 0-0: Foul Ball, location: 2F
0-1: Ball
1-1: Ball
2-1: Ball
3-1: Ground out 4-3 (Groundball, 34, EV 81.2 MPH)
Batting: LHB José Arras 0-0: Ball
1-0: Called Strike
1-1: Foul Ball, location: 2F
1-2: Foul Ball, location: 2F
1-2: Ball
2-2: Ball
3-2: Fly out, F8 (Flyball, 8RXD, EV 99.4 MPH)
Top of the 13th over - 0 runs, 0 hits, 0 errors, 0 left on base; Vancouver 1 - Kingston Township 1
BOTTOM OF THE 13TH
Kingston Township Knights batting - Pitching for Vancouver Grey Wolves : LHP Quan Shiu
Pitching: RHP Alejandro Araya
Batting: RHB Daniel McCoy 0-0: Ball
1-0: Ball
2-0: Called Strike
2-1: Foul Ball, location: 2F
2-2: Foul Ball, location: 2F
2-2: Ball
3-2: SINGLE (Groundball, 34D, EV 96.9 MPH)
Batting: RHB Holden Ford 0-0: Ball
1-0: Foul Ball, location: 2F
1-1: Ball
2-1: Swinging Strike
2-2: Grounds into double play, 5-4-3 (Groundball, 5, EV 94.4 MPH)
Batting: LHB Ed Mellor 0-0: Ball
1-0: Called Strike
1-1: Swinging Strike
1-2: Foul Ball, location: 2F
1-2: Ball
2-2: Foul Ball, location: 2F
2-2: Fly out, F8 (Flyball, 78D, EV 95.6 MPH)
Bottom of the 13th over - 0 runs, 1 hit, 0 errors, 0 left on base; Vancouver 1 - Kingston Township 1
TOP OF THE 14TH
Vancouver Grey Wolves batting - Pitching for Kingston Township Knights : RHP Kent Horton
Batting: RHB Alejandro Cantú 0-0: Called Strike
0-1: Ball
1-1: Fly out, F7 (Line Drive, 7, EV 96.9 MPH)
Batting: RHB Rafael Maldonado 0-0: Ball
1-0: Fly out, F7 (Line Drive, 7, EV 105.0 MPH)
Batting: LHB Henry Buckley 0-0: Ball
1-0: Ground out 3-1 (Groundball, 3, EV 103.1 MPH)
Top of the 14th over - 0 runs, 0 hits, 0 errors, 0 left on base; Vancouver 1 - Kingston Township 1
BOTTOM OF THE 14TH
Kingston Township Knights batting - Pitching for Vancouver Grey Wolves : RHP Alejandro Araya
Batting: RHB Jorge Ozezera 0-0: Ball
1-0: Foul Ball, location: 2F
1-1: Swinging Strike
1-2: Foul Ball, location: 2F
1-2: Fly out, F8 (Flyball, 78XD, EV 101.2 MPH)
Batting: RHB Takenao Wakabayashi 0-0: Called Strike
0-1: Ball
1-1: DOUBLE (Flyball, 8LXD, EV 100.6 MPH)
Batting: RHB Glenn Curtis 0-0: Ball
1-0: Foul Ball, location: 2F
1-1: Called Strike
1-2: Ball
2-2: Foul Ball, location: 2F
2-2: Ground out U3 (Groundball, 3, EV 77.5 MPH)
Takenao Wakabayashi to third
Batting: RHB Daniel Maldonado 0-0: Swinging Strike
0-1: Ball
1-1: Foul Ball, location: 2F
1-2: Ball
2-2: Fly out, F7 (Flyball, 78S, EV 94.4 MPH)
Bottom of the 14th over - 0 runs, 1 hit, 0 errors, 1 left on base; Vancouver 1 - Kingston Township 1
TOP OF THE 15TH
Vancouver Grey Wolves batting - Pitching for Kingston Township Knights : RHP Kent Horton
Batting: RHB Phil van Oosterom 0-0: Foul Ball, location: 2F
0-1: Ground out 6-3 (Groundball, 6, EV 91.9 MPH)
Batting: RHB Kao-tsu Koo 0-0: Called Strike
0-1: Ball
1-1: Ball
2-1: Fly out, F8 (Flyball, 8LM, EV 82.5 MPH)
Batting: RHB Hani Azwan 0-0: Fly out, F7 (Line Drive, 7, EV 89.4 MPH)
Top of the 15th over - 0 runs, 0 hits, 0 errors, 0 left on base; Vancouver 1 - Kingston Township 1
BOTTOM OF THE 15TH
Kingston Township Knights batting - Pitching for Vancouver Grey Wolves : RHP Alejandro Araya
Batting: RHB Amor Campos 0-0: Ball
1-0: Ball
2-0: Ball
3-0: Swinging Strike
3-1: Called Strike
3-2: Strikes out looking
Batting: SHB Eustacio Tafalla 0-0: Fly out, F9 (Flyball, 9S, EV 86.2 MPH)
Batting: RHB Daniel McCoy 0-0: Ball
1-0: Ball
2-0: Ball
3-0: Called Strike
3-1: Foul Ball, location: 2F
3-2: Base on Balls
Pitching: RHP Mark Erwin
Batting: RHB Holden Ford 0-0: Called Strike
0-1: Ball
1-1: Foul Ball, location: 2F
1-2: Ball
2-2: Foul Ball, location: 2F
2-2: Foul Ball, location: 2F
2-2: Ball
3-2: Foul Ball, location: 2F
3-2: Base on Balls
Daniel McCoy to second
Batting: LHB Ed Mellor 0-0: Foul Ball, location: 2F
0-1: Ball
1-1: Ball
2-1: Foul Ball, location: 2F
2-2: Strikes out swinging
Bottom of the 15th over - 0 runs, 0 hits, 0 errors, 2 left on base; Vancouver 1 - Kingston Township 1
TOP OF THE 16TH
Vancouver Grey Wolves batting - Pitching for Kingston Township Knights : RHP Kent Horton
Batting: RHB David Stone 0-0: Fly out, F7 (Flyball, 7S, EV 90.0 MPH)
Batting: LHB Robbie Brendle 0-0: Ball
1-0: Called Strike
1-1: Ball
2-1: Foul Ball, location: 2F
2-2: Ball
3-2: Foul Ball, location: 2F
3-2: Strikes out swinging
Batting: LHB José Arras 0-0: Called Strike
0-1: Swinging Strike
0-2: Ball
1-2: Ball
2-2: Ball
3-2: Foul Ball, location: 2F
3-2: Strikes out swinging
Top of the 16th over - 0 runs, 0 hits, 0 errors, 0 left on base; Vancouver 1 - Kingston Township 1
BOTTOM OF THE 16TH
Kingston Township Knights batting - Pitching for Vancouver Grey Wolves : RHP Mark Erwin
Batting: RHB Jorge Ozezera 0-0: Ball
1-0: Fly out, F8 (Flyball, 8RS, EV 79.4 MPH)
Batting: RHB Takenao Wakabayashi 0-0: Ball
1-0: Called Strike
1-1: Foul Ball, location: 2F
1-2: DOUBLE (Line Drive, 89M, EV 98.8 MPH)
Batting: RHB Glenn Curtis 0-0: Fly out, F9 (Flyball, 89M, EV 86.2 MPH)
Batting: RHB Daniel Maldonado 0-0: Foul Ball, location: 2F
0-1: Foul Ball, location: 2F
0-2: Ball
1-2: Fly out, F7 (Line Drive, 7, EV 91.9 MPH)
Bottom of the 16th over - 0 runs, 1 hit, 0 errors, 1 left on base; Vancouver 1 - Kingston Township 1
TOP OF THE 17TH
Vancouver Grey Wolves batting - Pitching for Kingston Township Knights : RHP Kent Horton
Pitching: RHP Aki Sato
Batting: RHB Alejandro Cantú 0-0: Ball
1-0: Ball
2-0: Swinging Strike
2-1: Ball
3-1: Ground out 5-3 (Groundball, 5, EV 84.4 MPH)
Batting: RHB Rafael Maldonado 0-0: Ball
1-0: Called Strike
1-1: DOUBLE (Line Drive, 8RXD, EV 105.6 MPH)
Batting: LHB Henry Buckley 0-0: Intentional Walk
Batting: RHB Phil van Oosterom 0-0: Called Strike
0-1: Ball
1-1: Ball
2-1: Ball
3-1: Foul Ball, location: 2F
3-2: Foul Ball, location: 2F
3-2: Fly out, F8 (Line Drive, 8RM, EV 88.1 MPH)
Batting: RHB Kao-tsu Koo 0-0: Ball
1-0: Foul Ball, location: 2F
1-1: Ball
2-1: Ball
Wild Pitch!
Rafael Maldonado to third
Henry Buckley to second
3-1: Base on Balls
Batting: RHB Hani Azwan 0-0: Swinging Strike
0-1: Ball
1-1: Ball
2-1: Ball
3-1: Swinging Strike
3-2: Fly out, F9 (Flyball, 89M, EV 77.5 MPH)
Top of the 17th over - 0 runs, 1 hit, 0 errors, 3 left on base; Vancouver 1 - Kingston Township 1
BOTTOM OF THE 17TH
Kingston Township Knights batting - Pitching for Vancouver Grey Wolves : RHP Mark Erwin
Batting: RHB Amor Campos 0-0: Ground out 4-3 (Groundball, 4, EV 78.1 MPH)
Batting: SHB Eustacio Tafalla 0-0: Ball
1-0: Swinging Strike
1-1: Fly out, F9 (Line Drive, 9, EV 94.4 MPH)
Batting: RHB Daniel McCoy 0-0: Foul Ball, location: 2F
0-1: Ball
1-1: Swinging Strike
1-2: Foul Ball, location: 2F
1-2: Ball
2-2: Ball
3-2: Base on Balls
Batting: RHB Holden Ford 0-0: Called Strike
0-1: Ball
1-1: Foul Ball, location: 2F
1-2: Ball
2-2: SINGLE (Groundball, 34D, EV 99.4 MPH)
Daniel McCoy to second
Runner from 2nd tries for 3rd, SAFE, throw by RF made to third
Batting: LHB Ed Mellor 0-0: Called Strike
0-1: Foul Ball, location: 2F
0-2: Ball
1-2: Ball
2-2: Ball
3-2: Foul Ball, location: 2F
3-2: Strikes out swinging
Bottom of the 17th over - 0 runs, 1 hit, 0 errors, 2 left on base; Vancouver 1 - Kingston Township 1
TOP OF THE 18TH
Vancouver Grey Wolves batting - Pitching for Kingston Township Knights : RHP Aki Sato
Batting: RHB David Stone 0-0: Swinging Strike
0-1: Ball
1-1: Swinging Strike
1-2: Foul Ball, location: 2F
1-2: Ground out 4-3 (Groundball, 4, EV 96.9 MPH)
Batting: LHB Robbie Brendle 0-0: Swinging Strike
0-1: Ball
1-1: Foul Ball, location: 2F
1-2: Foul Ball, location: 2F
1-2: Strikes out swinging
Batting: LHB José Arras 0-0: Called Strike
0-1: Foul Ball, location: 2F
0-2: Foul Ball, location: 2F
0-2: Strikes out looking
Top of the 18th over - 0 runs, 0 hits, 0 errors, 0 left on base; Vancouver 1 - Kingston Township 1
BOTTOM OF THE 18TH
Kingston Township Knights batting - Pitching for Vancouver Grey Wolves : RHP Mark Erwin
Batting: RHB Jorge Ozezera 0-0: Ball
1-0: Foul Ball, location: 2F
1-1: Ground out 6-3 (Groundball, 6, EV 79.4 MPH)
Batting: RHB Takenao Wakabayashi 0-0: Called Strike
0-1: Fly out, F9 (Flyball, 9LM, EV 91.2 MPH)
Batting: RHB Glenn Curtis 0-0: Swinging Strike
0-1: Ball
1-1: Ball
2-1: Fly out, F5 (Line Drive, 5, EV 66.2 MPH)
Bottom of the 18th over - 0 runs, 0 hits, 0 errors, 0 left on base; Vancouver 1 - Kingston Township 1
TOP OF THE 19TH
Vancouver Grey Wolves batting - Pitching for Kingston Township Knights : RHP Aki Sato
Pitching: LHP Ebby Calvin LaLoosh
Batting: RHB Alejandro Cantú 0-0: DOUBLE (Line Drive, 7D, EV 106.9 MPH)
Batting: RHB Rafael Maldonado 0-0: Intentional Walk
Batting: LHB Henry Buckley 0-0: Called Strike
0-1: Ball
1-1: Foul Ball, location: 2F
1-2: Ball
2-2: Foul Ball, location: 2F
2-2: Foul Ball, location: 2F
2-2: SINGLE (Groundball, 4MD, EV 95.0 MPH)
Alejandro Cantú to third
Rafael Maldonado to second
Runner from 3rd tries for Home, SAFE, no throw by CF
Batting: RHB Phil van Oosterom 0-0: Grounds into double play, 5-4-3 (Groundball, 56, EV 103.1 MPH)
Rafael Maldonado to third
Batting: RHB Kao-tsu Koo 0-0: Foul Ball, location: 2F
0-1: Ball
1-1: Called Strike
1-2: Ball
2-2: Ball
3-2: Strikes out swinging
Top of the 19th over - 1 run, 2 hits, 0 errors, 1 left on base; Vancouver 2 - Kingston Township 1
BOTTOM OF THE 19TH
Kingston Township Knights batting - Pitching for Vancouver Grey Wolves : RHP Mark Erwin
Now at C: Kevin Malone
Batting: RHB Daniel Maldonado 0-0: Ball
1-0: Ball
2-0: Ball
3-0: Called Strike
3-1: Foul Ball, location: 2F
3-2: Base on Balls
Pitching: RHP Ainanani Oliwa
Batting: RHB Amor Campos 0-0: Bunt - Flyout to 25 - DP at third! 5-3
Batting: SHB Eustacio Tafalla 0-0: Called Strike
0-1: Ball
1-1: Fly out, F7 (Flyball, 78S, EV 80.0 MPH)
Bottom of the 19th over - 0 runs, 0 hits, 0 errors, 0 left on base; Vancouver 2 - Kingston Township 1
Tuesday, January 5th, 2021 - OOTP Baseball 20.8 Build 74